 Dungeon Crawl Stone Soup version 0.30.1-9-gdf580d7c3d (webtiles) character file.

Game seed: 14936724789746286982

344 KittyFluff the Cudgeller (level 6, -2/39 HPs)
             Began as a Gargoyle Berserker on Oct 18, 2023.
             Was a Believer of Trog.
             Killed by nerve-wracking pain
             ... invoked by an orc priest
              (7 damage)
             ... on level 4 of the Dungeon.
             The game lasted 00:11:45 (2863 turns).

KittyFluff the Cudgeller (Gargoyle Berserker)       Turns: 2863, Time: 00:11:46

Health: -2/39      AC: 11    Str: 23    XL:     6   Next: 58%
Magic:  6/6        EV: 12    Int:  7    God:    Trog [**....]
Gold:   230        SH:  0    Dex: 15    Spells: 5/5 levels left

rFire   . . .        a - +0 mace
rCold   + . .        (no shield)
rNeg    + . .        e - +0 leather armour
rPois   ∞            (no helmet)
rElec   +            (no cloak)
rCorr   .            (no gloves)
SInv    .            l - +2 pair of boots
Will    .....        (no amulet)
Stlth   +            c - +6 ring of dexterity
HPRegen 0.26/turn    p - ring of protection from cold
MPRegen 0.10/turn

%: no passive effects
@: no status effects
A: sickness immunity, AC +4, negative energy resistance 1, electricity
resistance, torment resistance 1, petrification resistance
a: Renounce Religion, Berserk, Trog's Hand


You were on level 4 of the Dungeon.
You worshipped Trog.
Trog was pleased with you.
You visited 1 branch of the dungeon, and saw 4 of its levels.

You collected 230 gold pieces.

Inventory:

Hand Weapons
 a - a +0 mace (weapon)
 t - a +0 sling
Missiles
 m - 3 javelins (quivered)
Armour
 e - a +0 leather armour (worn)
 l - a +2 pair of boots (worn)
Jewellery
 c - a +6 ring of dexterity (left hand)
 p - a ring of protection from cold (right hand)
 q - a ring of positive energy
Wands
 s - a wand of paralysis (14)
Scrolls
 b - a scroll of amnesia {unknown}
 d - a scroll of torment {unknown}
 f - a scroll of enchant armour {unknown}
 g - a scroll of poison {unknown}
 h - a scroll of fear {unknown}
 n - a scroll of teleportation {unknown}
 o - a scroll of magic mapping {unknown}
 v - a scroll of fog {unknown}
Potions
 i - a potion of curing
 k - 2 potions of flight
 r - a potion of lignification
 u - a potion of mutation


   Skills:
 + Level 4.4 Fighting
 * Level 4.8 Maces & Flails
 * Level 4.6 Armour
 + Level 2.5 Dodging


You had 5 spell levels left.
You didn't know any spells.
Your spell library was empty.

Dungeon Overview and Level Annotations

Branches:
Dungeon (4/15)
 Temple: D:4-7

Altars:
Qazlal
Sif Muna
Vehumet
Yredelemnul

Shops:
D:2 =   D:4 [


Innate Abilities, Weirdness & Mutations

You are immune to sickness and miasma.
Your stone body is resilient. (AC +4)
You are immune to poison.
You resist negative energy. (rN+)
You are resistant to electric shocks. (rElec)
You are resistant to unholy torment.
You are immune to petrification.


Message History

You hit the orc but do no damage. The orc closely misses you.
The orc priest mumbles some strange prayers to Beogh against you.
Beogh smites you!
You hit the orc.
The orc is heavily wounded.
The orc closely misses you.
You thump the orc!
You kill the orc!
Trog accepts your kill.
You thump the orc!
You kill the orc!
Trog accepts your kill.
The orc priest hits you but does no damage.
Items here: ( ))) [[ †.
You hit the orc priest but do no damage.
The orc priest looks braver for a moment.
The orc priest closely misses you.
You hit the orc priest.
The orc priest is moderately wounded.
The orc priest calls down the wrath of Beogh upon you.
You barely resist. You closely miss the orc priest.
The orc priest is moderately wounded.
The orc priest hits you with a +0 whip.
You barely miss the orc priest.
The orc priest is moderately wounded.
The orc priest hits you but does no damage.
You closely miss the orc priest.
The orc priest is moderately wounded.
The orc priest invokes the aid of Beogh against you.
Pain shoots through your body!
* * * LOW HITPOINT WARNING * * *
You sock the orc priest!
The orc priest is severely wounded.
The orc priest mumbles some strange prayers to Beogh against you.
Pain shoots through your body!
* * * LOW HITPOINT WARNING * * *
The orc priest mumbles some strange prayers to Beogh against you.
Pain shoots through your body!
You die...

#................#
#......##..#####.#
##......###.# #.#
#.........#.# #.#
#..#######..# #.#
#..#.....#..# #..
#..#.>.∩.#..# ###
##o#.....#.## #
#@#######.# #
##.......## #
######### # #


You could see an orc priest.

Vanquished Creatures
  A scorpion (D:4)
  Jessica (D:2)
  Terence (D:2)
  An iguana (D:4)
  Natasha (thrice) (D:2)
  3 gnolls (D:3)
  2 adders (D:3)
  A worm (D:2)
  3 dart slugs
  4 orcs (D:4)
  5 ball pythons
  4 bats
  4 endoplasms
  3 giant cockroaches
  2 hobgoblins (D:2)
  3 jackals (D:2)
  4 quokkas
  3 frilled lizards
  2 goblins (D:1)
  4 kobolds
  2 rats
56 creatures vanquished.

Vanquished Creatures (others)
  A hound (D:4)
1 creature vanquished.

Grand Total: 57 creatures vanquished

Notes
Turn   | Place    | Note
-------+----------+-------------------------------------------
     0 | D:1      | KittyFluff the Gargoyle Berserker began the quest for the
                  | Orb.
     0 | D:1      | Reached XP level 1. HP: 14/14 MP: 1/1
   230 | D:1      | Found a faded altar of an unknown god.
   304 | D:1      | Reached XP level 2. HP: 19/19 MP: 2/2
   826 | D:2      | Noticed Jessica
   833 | D:2      | Killed Jessica
   834 | D:2      | Reached XP level 3. HP: 24/24 MP: 3/3
   907 | D:2      | Noticed Natasha
   913 | D:2      | Killed Natasha
   914 | D:2      | Reached XP level 4. HP: 21/29 MP: 4/4
   953 | D:2      | Noticed Terence
   957 | D:2      | Noticed Natasha
   962 | D:2      | Killed Terence
   962 | D:2      | Reached ** piety under Trog
   973 | D:2      | Killed Natasha
   974 | D:2      | Reached XP level 5. HP: 11/33 MP: 5/5
  1595 | D:2      | Found Lepnarhi's Jewellery Emporium.
  1651 | D:2      | Noticed Natasha
  1663 | D:2      | Killed Natasha
  2286 | D:3      | Found a shimmering blue altar of Sif Muna.
  2338 | D:3      | Found a basalt altar of Yredelemnul.
  2341 | D:3      | Found a stormy altar of Qazlal.
  2499 | D:4      | Reached XP level 6. HP: 39/39 MP: 6/6
  2546 | D:4      | Found a radiant altar of Vehumet.
  2814 | D:4      | Found Hovvisym's Antique Armour Emporium.
  2863 | D:4      | Killed from afar by an orc priest

Illustrated notes

Levels and vault maps discovered:
D:1:      wander_arrival_fairy_ring, layout_loops_corners,
          hellmonk_ecumenical_altar_zigzags, kennysheep_another_room
D:2:      layout_basic, serial_shops, nicolae_shop_pleasant_corner_grove,
          uniq_natasha, uniq_terence, uniq_jessica
D:3:      layout_rooms, lemuel_coloured_pillars_altar,
          mainiacjoe_overflow_catwalk_spiral
D:4:      layout_basic, lemuel_tele_altar, serial_shops, nicolae_take_the_stairs

Skill      XL: |  1  2  3  4  5 |
---------------+----------------+-----
Armour         | 3 4 |  4.6
Dodging        | 2 |  2.5
Fighting       | 4 |  4.4
Maces & Flails | 4 |  4.8

Action                     |  1- 3 |  4- 6 || total
---------------------------+-------+-------++-------
  Melee: Mace              |    47 |   142 ||   189
         Punch             |     1 |       ||     1
 Invoke: Berserk           |       |     3 ||     3
    Use: Scroll            |       |     4 ||     4
   Stab: Sleeping          |     2 |       ||     2
 Armour: Leather armour    |    14 |    65 ||    79
         Animal skin       |     2 |       ||     2
  Dodge: Dodged            |    26 |   126 ||   152
